Workbook

Sheet ORÇAMENTO
B2: PLANILHA ORÇAMENTÁRIA GLOBAL
B4: PREFEITURA MUNICIPAL DE FLORIANO PEIXOTO/RS | I4: BDI | J4: 0.2422
B5: CONSTRUÇÃO DE UMA PONTE EM CONCRETO SOBRE O RIO APUAÊ | H5: SINAPI | I5: DATA BASE | J5: 46174
B6: Endereço: Comunidade Rio Ligeiro Alto, interior de Floriano Peixoto/RS | H6: SICRO3 | I6: DATA BASE | J6: 46113
B8: Item | C8: Código | D8: Banco | E8: Descrição | F8: Unid | G8: Quant. | H8: Valor Unit | I8: Valor Unit com BDI | J8: Total
B9: TOTAL | J9: =J10+J12+J22+J37+J70+J102 -> 1555496.2
B10: 1 | E10: SERVIÇOS TÉCNICOS | J10: =J11 -> 130132.87
B11: 1.1 | C11: Comp.01 | D11: - | E11: ADMINISTRAÇÃO DE OBRA | F11: un | G11: 1 | H11: 104760 | I11: =(H11*$J$4)+H11 -> 130132.87 | J11: =I11*G11 -> 130132.87
B12: 2 | E12: SERVIÇOS INICIAIS | J12: =SUM(J13:J21) -> 56197.471
B13: 2.1 | C13: Comp.02 | D13: - | E13: PLACA DE OBRA EM CHAPA GALVANIZADA | F13: m² | G13: 4.8 | H13: 384.97 | I13: =(H13*$J$4)+H13 -> 478.20973 | J13: =I13*G13 -> 2295.4067
B14: 2.2 | C14: 103695 | D14: SINAPI | E14: FORNECIMENTO E INSTALAÇÃO DE SUPORTE DE MADEIRA PARA PLACAS DE SINALIZAÇÃO, EM SOLO, COM H= DE 2,0 M E SEÇÃO DE 7,5 X 7,5 CM | F14: un | G14: 3 | H14: 101.44 | I14: =(H14*$J$4)+H14 -> 126.00877 | J14: =I14*G14 -> 378.0263
B15: 2.3 | C15: 10776 | D15: SINAPI-I | E15: LOCACAO DE CONTAINER 2,30 X 6,00 M, ALT. 2,50 M, PARA ESCRITORIO, SEM DIVISORIAS INTERNAS E SEM SANITARIO (NAO INCLUI MOBILIZACAO/DESMOBILIZACAO) | F15: mês | G15: 6 | H15: 908.2 | I15: =(H15*$J$4)+H15 -> 1128.166 | J15: =I15*G15 -> 6768.9962
B16: 2.4 | C16: 10775 | D16: SINAPI-I | E16: LOCACAO DE CONTAINER 2,30 X 6,00 M, ALT. 2,50 M, PARA ESCRITORIO, SEM DIVISORIAS INTERNAS COM SANITARIO (NAO INCLUI MOBILIZACAO/DESMOBILIZACAO) | F16: mês | G16: 6 | H16: 1162.5 | I16: =(H16*$J$4)+H16 -> 1444.0575 | J16: =I16*G16 -> 8664.345
B17: 2.5 | C17: 100948 | D17: SINAPI | E17: TRANSPORTE COM CAMINHÃO CARROCERIA 9T, EM VIA URBANA PAVIMENTADA, ADICIONAL PARA DMT EXCEDENTE A 30 KM | F17: TxKm | G17: =48*2*12 -> 1152 | H17: 0.98 | I17: =(H17*$J$4)+H17 -> 1.217356 | J17: =I17*G17 -> 1402.3941
B18: 2.6 | C18: 100945 | D18: SINAPI | E18: TRANSPORTE COM CAMINHÃO CARROCERIA 9T, EM LEITO NATURAL | F18: TxKm | G18: =24*2*12 -> 576 | H18: 3.69 | I18: =(H18*$J$4)+H18 -> 4.583718 | J18: =I18*G18 -> 2640.2216
B19: 2.7 | C19: 93421 | D19: SINAPI | E19: GRUPO GERADOR REBOCÁVEL, POTÊNCIA 66 KVA, MOTOR A DIESEL | F19: CHP | G19: 240 | H19: 85.57 | I19: =(H19*$J$4)+H19 -> 106.29505 | J19: =I19*G19 -> 25510.813
B20: 2.8 | C20: 99059 | D20: SINAPI | E20: LOCAÇÃO CONVENCIONAL DE OBRA, UTILIZANDO GABARITO DE TÁBUAS CORRIDAS PONTALEADAS A CADA 2,00 M | F20: M | G20: =72+14 -> 86 | H20: 66.57 | I20: =(H20*$J$4)+H20 -> 82.693254 | J20: =I20*G20 -> 7111.6198
B21: 2.9 | C21: 90781 | D21: SINAPI | E21: TOPOGRAFO COM ENCARGOS COMPLEMENTARES | F21: H | G21: 24 | H21: 47.82 | I21: =(H21*$J$4)+H21 -> 59.402004 | J21: =I21*G21 -> 1425.6481
B22: 3 | E22: INFRAESTRUTURA | J22: =J23 -> 226001.98
B23: 3.1 | E23: FUNDAÇÕES | J23: =SUM(J24:J36) -> 226001.98
B24: 3.1.1 | C24: 96523 | D24: SINAPI | E24: ESCAVAÇÃO MANUAL PARA BLOCO DE COROAMENTO OU SAPATA (INCLUINDO ESCAVAÇÃO PARA COLOCAÇÃO DE FÔRMAS | F24: m3 | G24: =4*3.1415*2 -> 25.132 | H24: 106.4 | I24: =(H24*$J$4)+H24 -> 132.17008 | J24: =I24*G24 -> 3321.6985
B25: 3.1.2 | C25: Comp.06 | D25: - | E25: ENSECADEIRAS DE MADEIRA | F25: m2 | G25: =36*1.5 -> 54 | H25: 298.8 | I25: =(H25*$J$4)+H25 -> 371.16936 | J25: =I25*G25 -> 20043.145
B26: 3.1.3 | C26: Comp.07 | D26: - | E26: ENSECADEIRAS DE CONCRETO ARMADO | F26: m2 | G26: =36*1 -> 36 | H26: 393.28 | I26: =(H26*$J$4)+H26 -> 488.53242 | J26: =I26*G26 -> 17587.167
B27: 3.1.4 | C27: 4085 | D27: SINAPI-I | E27: LOCACAO DE BOMBA SUBMERSIVEL PARA DRENAGEM E ESGOTAMENTO, MOTOR ELETRICO TRIFASICO, POTENCIA DE 4 CV, DIAMETRO DE RECALQUE DE 3" | F27: H | G27: 160 | H27: 2.8 | I27: =(H27*$J$4)+H27 -> 3.47816 | J27: =I27*G27 -> 556.5056
B28: 3.1.5 | C28: 105916 | D28: SINAPI | E28: MARTELO PERFURADOR PNEUMÁTICO MANUAL, HASTE 19 X 108 MM, 11 KG - CHP DIURNO. | F28: CHP | G28: 80 | H28: 32.21 | I28: =(H28*$J$4)+H28 -> 40.011262 | J28: =I28*G28 -> 3200.901
B29: 3.1.6 | C29: 92764 | D29: SINAPI | E29: ARMAÇÃO DE PILAR OU VIGA DE ESTRUTURA CONVENCIONAL DE CONCRETO ARMADO UTILIZANDO AÇO CA-50 DE 16,0 MM - MONTAGEM | F29: kg | G29: =(8*4*2.5+(15*2*2))/12*18.93 -> 220.85 | H29: 8.58 | I29: =(H29*$J$4)+H29 -> 10.658076 | J29: =I29*G29 -> 2353.8361
B30: 3.1.7 | C30: 92761 | D30: SINAPI | E30: ARMAÇÃO DE PILAR OU VIGA DE ESTRUTURA CONVENCIONAL DE CONCRETO ARMADO UTILIZANDO AÇO CA-50 DE 8,0 MM - MONTAGEM | F30: kg | G30: =((30*15*2))/12*4.74*1.1 -> 391.05 | H30: 12.02 | I30: =(H30*$J$4)+H30 -> 14.931244 | J30: =I30*G30 -> 5838.863
B31: 3.1.8 | C31: 92762 | D31: SINAPI | E31: ARMAÇÃO DE PILAR OU VIGA DE ESTRUTURA CONVENCIONAL DE CONCRETO ARMADO UTILIZANDO AÇO CA-60 DE 10,0 MM - MONTAGEM. | F31: Kg | G31: =(5.7*20*2*4)/12*7.4*1.1 -> 618.64 | H31: 10.65 | I31: =(H31*$J$4)+H31 -> 13.22943 | J31: =I31*G31 -> 8184.2546
B32: 3.1.9 | C32: 92763 | D32: SINAPI | E32: ARMAÇÃO DE PILAR OU VIGA DE ESTRUTURA CONVENCIONAL DE CONCRETO ARMADO UTILIZANDO AÇO CA-60 DE 12,5 MM - MONTAGEM. | F32: Kg | G32: =((7.2*150*2))/12*11.55*1.1 -> 2286.9 | H32: 8.91 | I32: =(H32*$J$4)+H32 -> 11.068002 | J32: =I32*G32 -> 25311.414
B33: 3.1.10 | C33: 96558 | D33: SINAPI | E33: CONCRETAGEM FCK 30 MPA, COM USO DE BOMBA - LANÇAMENTO, ADENSAMENTO E ACABAMENTO | F33: m³ | G33: =(3.1415*4*2)+(3*0.8*15*2) -> 97.132 | H33: 904.08 | I33: =(H33*$J$4)+H33 -> 1123.0482 | J33: =I33*G33 -> 109083.92
B34: 3.1.11 | C34: 5909007 | D34: SICRO3 | E34: Carga, manobra e descarga de concreto com caminhão betoneira - carga em central de concreto de 30 m³/h e descarga livre | F34: t | G34: =G33*2.5 -> 242.83 | H34: 25.1 | I34: =(H34*$J$4)+H34 -> 31.17922 | J34: =I34*G34 -> 7571.25
B35: 3.1.12 | C35: 5914539 | D35: SICRO3 | E35: Transporte com caminhão betoneira - rodovia em leito natural | F35: tkm | G35: =(G33*2.5)*24 -> 5827.92 | H35: 1.37 | I35: =(H35*$J$4)+H35 -> 1.701814 | J35: =I35*G35 -> 9918.0358
B36: 3.1.13 | C36: 5914569 | D36: SICRO3 | E36: Transporte com caminhão betoneira - rodovia pavimentada | F36: tkm | G36: =(G33*2.5)*48 -> 11655.84 | H36: 0.9 | I36: =(H36*$J$4)+H36 -> 1.11798 | J36: =I36*G36 -> 13030.996
B37: 4 | E37: MESOESTRUTURA | J37: =J38+J59+J48 -> 497677.07
B38: 4.1 | E38: PILARES DE CONCRETO ARMADO | J38: =SUM(J39:J47) -> 46104.194
B39: 4.1.1 | C39: 92264 | D39: SINAPI | E39: FABRICAÇÃO DE FÔRMA PARA PILARES, EM CHAPA DE MADEIRA COMPENSADA PLASTIFICADA, E = 18 MM | F39: m² | G39: =(0.7*3.1415)*4*4 -> 35.1848 | H39: 237.3 | I39: =(H39*$J$4)+H39 -> 294.77406 | J39: =I39*G39 -> 10371.566
B40: 4.1.2 | C40: 92447 | D40: SINAPI | E40: MONTAGEM E DESMONTAGEM DE FÔRMA DE VIGA, ESCORAMENTO COM PONTALETE DE MADEIRA, EM MADEIRA SERRADA, 2 UTILIZAÇÕES | F40: m² | G40: =G39 -> 35.1848 | H40: 212.5 | I40: =(H40*$J$4)+H40 -> 263.9675 | J40: =I40*G40 -> 9287.6437
B41: 4.1.3 | C41: 92764 | D41: SINAPI | E41: ARMAÇÃO DE PILAR OU VIGA DE ESTRUTURA CONVENCIONAL DE CONCRETO ARMADO UTILIZANDO AÇO CA-60 DE 16,0 MM - MONTAGEM. | F41: Kg | G41: =((16*9.4*4)/12*18.93) -> 949.024 | H41: 8.58 | I41: =(H41*$J$4)+H41 -> 10.658076 | J41: =I41*G41 -> 10114.77
B42: 4.1.4 | C42: 92760 | D42: SINAPI | E42: ARMAÇÃO DE PILAR OU VIGA DE ESTRUTURA CONVENCIONAL DE CONCRETO ARMADO UTILIZANDO AÇO CA-50 DE 6,3 MM - MONTAGEM | F42: kg | G42: =((88*2.1*4))/12*2.94 -> 181.104 | H42: 12.95 | I42: =(H42*$J$4)+H42 -> 16.08649 | J42: =I42*G42 -> 2913.3277
B43: 4.1.5 | C43: 96558 | D43: SINAPI | E43: CONCRETAGEM FCK 30 MPA, COM USO DE BOMBA - LANÇAMENTO, ADENSAMENTO E ACABAMENTO | F43: m³ | G43: =(3.1415*0.7*0.7/4)*4*4 -> 6.15734 | H43: 904.08 | I43: =(H43*$J$4)+H43 -> 1123.0482 | J43: =I43*G43 -> 6914.9895
B44: 4.1.6 | C44: 5909007 | D44: SICRO3 | E44: Carga, manobra e descarga de concreto com caminhão betoneira - carga em central de concreto de 30 m³/h e descarga livre | F44: t | G44: =G43*2.5 -> 15.39335 | H44: 25.1 | I44: =(H44*$J$4)+H44 -> 31.17922 | J44: =I44*G44 -> 479.95265
B45: 4.1.7 | C45: 5914539 | D45: SICRO3 | E45: Transporte com caminhão betoneira - rodovia em leito natural | F45: tkm | G45: =(G43*2.5)*24 -> 369.4404 | H45: 1.37 | I45: =(H45*$J$4)+H45 -> 1.701814 | J45: =I45*G45 -> 628.71884
B46: 4.1.8 | C46: 5914569 | D46: SICRO3 | E46: Transporte com caminhão betoneira - rodovia pavimentada | F46: tkm | G46: =(G43*2.5)*48 -> 738.8808 | H46: 0.9 | I46: =(H46*$J$4)+H46 -> 1.11798 | J46: =I46*G46 -> 826.05396
B47: 4.1.9 | C47: 3816197 | D47: SICRO3 | E47: Plataforma de trabalho em madeira apoiada no solo - altura de até 6 m - utilização de 5 vezes - confecção, instalação e retirada | F47: m³ | G47: =7*0.3*6*4 -> 50.4 | H47: 72.95 | I47: =(H47*$J$4)+H47 -> 90.61849 | J47: =I47*G47 -> 4567.1719
B48: 4.2 | E48: VIGAS | J48: =SUM(J49:J58) -> 88095.472
B49: 4.2.1 | C49: 92264 | D49: SINAPI | E49: FABRICAÇÃO DE FÔRMA PARA PILARES, EM CHAPA DE MADEIRA COMPENSADA PLASTIFICADA, E = 18 MM | F49: m² | G49: =((7*2*0.7)+(0.7*0.7*2)+(1.3*7*2)+(0.7*1.3*2))*2 -> 61.6 | H49: 237.3 | I49: =(H49*$J$4)+H49 -> 294.77406 | J49: =I49*G49 -> 18158.082
B50: 4.2.2 | C50: 92447 | D50: SINAPI | E50: MONTAGEM E DESMONTAGEM DE FÔRMA DE VIGA, ESCORAMENTO COM PONTALETE DE MADEIRA, EM MADEIRA SERRADA, 2 UTILIZAÇÕES | F50: m² | G50: =G49 -> 61.6 | H50: 212.5 | I50: =(H50*$J$4)+H50 -> 263.9675 | J50: =I50*G50 -> 16260.398
B51: 4.2.3 | C51: 92764 | D51: SINAPI | E51: ARMAÇÃO DE PILAR OU VIGA DE ESTRUTURA CONVENCIONAL DE CONCRETO ARMADO UTILIZANDO AÇO CA-60 DE 16,0 MM - MONTAGEM. | F51: Kg | G51: =((6*7.2*2)+(4*7.5*2))/12*18.93 -> 230.946 | H51: 8.58 | I51: =(H51*$J$4)+H51 -> 10.658076 | J51: =I51*G51 -> 2461.44
B52: 4.2.4 | C52: 92765 | D52: SINAPI | E52: ARMAÇÃO DE PILAR OU VIGA DE ESTRUTURA CONVENCIONAL DE CONCRETO ARMADO UTILIZANDO AÇO CA-60 DE 20,0 MM - MONTAGEM. | F52: Kg | G52: =((10*7.5*2)*2.466) -> 369.9 | H52: 9.74 | I52: =(H52*$J$4)+H52 -> 12.099028 | J52: =I52*G52 -> 4475.4305
B53: 4.2.5 | C53: 92760 | D53: SINAPI | E53: ARMAÇÃO DE PILAR OU VIGA DE ESTRUTURA CONVENCIONAL DE CONCRETO ARMADO UTILIZANDO AÇO CA-50 DE 6,3 MM - MONTAGEM | F53: kg | G53: =((525.6*2))/12*2.94 -> 257.544 | H53: 12.95 | I53: =(H53*$J$4)+H53 -> 16.08649 | J53: =I53*G53 -> 4142.979
B54: 4.2.6 | C54: 96558 | D54: SINAPI | E54: CONCRETAGEM FCK 30 MPA, COM USO DE BOMBA - LANÇAMENTO, ADENSAMENTO E ACABAMENTO | F54: m³ | G54: =(0.7*0.7*7*2)+(2*0.7*7*2) -> 26.46 | H54: 904.08 | I54: =(H54*$J$4)+H54 -> 1123.0482 | J54: =I54*G54 -> 29715.855
B55: 4.2.7 | C55: 5909007 | D55: SICRO3 | E55: Carga, manobra e descarga de concreto com caminhão betoneira - carga em central de concreto de 30 m³/h e descarga livre | F55: t | G55: =G54*2.5 -> 66.15 | H55: 25.1 | I55: =(H55*$J$4)+H55 -> 31.17922 | J55: =I55*G55 -> 2062.5054
B56: 4.2.8 | C56: 5914539 | D56: SICRO3 | E56: Transporte com caminhão betoneira - rodovia em leito natural | F56: tkm | G56: =(G54*2.5)*24 -> 1587.6 | H56: 1.37 | I56: =(H56*$J$4)+H56 -> 1.701814 | J56: =I56*G56 -> 2701.7999
B57: 4.2.9 | C57: 5914569 | D57: SICRO3 | E57: Transporte com caminhão betoneira - rodovia pavimentada | F57: tkm | G57: =(G54*2.5)*48 -> 3175.2 | H57: 0.9 | I57: =(H57*$J$4)+H57 -> 1.11798 | J57: =I57*G57 -> 3549.8101
B58: 4.2.10 | C58: 3816197 | D58: SICRO3 | E58: Plataforma de trabalho em madeira apoiada no solo - altura de até 6 m - utilização de 5 vezes - confecção, instalação e retirada | F58: m³ | G58: =7*0.3*6*4 -> 50.4 | H58: 72.95 | I58: =(H58*$J$4)+H58 -> 90.61849 | J58: =I58*G58 -> 4567.1719
B59: 4.3 | E59: CABECEIRAS DE CONCRETO ARMADO/CORTINAS | J59: =SUM(J60:J69) -> 363477.4
B60: 4.3.1 | C60: 92266 | D60: SINAPI | E60: FABRICAÇÃO DE FÔRMA PARA VIGAS, EM CHAPA DE MADEIRA COMPENSADA PLASTIFICADA, E = 18 MM | F60: m² | G60: =(4+7+4+0.3)*2*6*2 -> 367.2 | H60: 185.1 | I60: =(H60*$J$4)+H60 -> 229.93122 | J60: =I60*G60 -> 84430.744
B61: 4.3.2 | C61: 92448 | D61: SINAPI | E61: MONTAGEM E DESMONTAGEM DE FÔRMA DE VIGA, ESCORAMENTO COM PONTALETE DE MADEIRA, EM MADEIRA SERRADA, 4 UTILIZAÇÕES | F61: m² | G61: =G60 -> 367.2 | H61: 165.1 | I61: =(H61*$J$4)+H61 -> 205.08722 | J61: =I61*G61 -> 75308.027
B62: 4.3.3 | C62: 92763 | D62: SINAPI | E62: ARMAÇÃO DE PILAR OU VIGA DE ESTRUTURA CONVENCIONAL DE CONCRETO ARMADO UTILIZANDO AÇO CA-60 DE 12,5 MM - MONTAGEM. | F62: Kg | G62: =((20.05*52*2))/12*11.55*1.1 -> 2207.7055 | H62: 8.91 | I62: =(H62*$J$4)+H62 -> 11.068002 | J62: =I62*G62 -> 24434.889
B63: 4.3.4 | C63: 92762 | D63: SINAPI | E63: ARMAÇÃO DE PILAR OU VIGA DE ESTRUTURA CONVENCIONAL DE CONCRETO ARMADO UTILIZANDO AÇO CA-60 DE 10,0 MM - MONTAGEM. | F63: Kg | G63: =(78*8*2)/12*7.4 -> 769.6 | H63: 10.65 | I63: =(H63*$J$4)+H63 -> 13.22943 | J63: =I63*G63 -> 10181.369
B64: 4.3.5 | C64: 92761 | D64: SINAPI | E64: ARMAÇÃO DE PILAR OU VIGA DE ESTRUTURA CONVENCIONAL DE CONCRETO ARMADO UTILIZANDO AÇO CA-60 DE 8,0 MM - MONTAGEM. | F64: Kg | G64: =(62*15*2)/12*4.74*2 -> 1469.4 | H64: 12.02 | I64: =(H64*$J$4)+H64 -> 14.931244 | J64: =I64*G64 -> 21939.97
B65: 4.3.6 | C65: 96558 | D65: SINAPI | E65: CONCRETAGEM FCK 30 MPA, COM USO DE BOMBA - LANÇAMENTO, ADENSAMENTO E ACABAMENTO | F65: m³ | G65: =(15*0.55)*6*2 -> 99 | H65: 904.08 | I65: =(H65*$J$4)+H65 -> 1123.0482 | J65: =I65*G65 -> 111181.77
B66: 4.3.7 | C66: 5909007 | D66: SICRO3 | E66: Carga, manobra e descarga de concreto com caminhão betoneira - carga em central de concreto de 30 m³/h e descarga livre | F66: t | G66: =G65*2.5 -> 247.5 | H66: 25.1 | I66: =(H66*$J$4)+H66 -> 31.17922 | J66: =I66*G66 -> 7716.857
B67: 4.3.8 | C67: 5914539 | D67: SICRO3 | E67: Transporte com caminhão betoneira - rodovia em leito natural | F67: tkm | G67: =(G65*2.5)*24 -> 5940 | H67: 1.37 | I67: =(H67*$J$4)+H67 -> 1.701814 | J67: =I67*G67 -> 10108.775
B68: 4.3.9 | C68: 5914569 | D68: SICRO3 | E68: Transporte com caminhão betoneira - rodovia pavimentada | F68: tkm | G68: =(G65*2.5)*48 -> 11880 | H68: 0.9 | I68: =(H68*$J$4)+H68 -> 1.11798 | J68: =I68*G68 -> 13281.602
B69: 4.3.10 | C69: 3816197 | D69: SICRO3 | E69: Plataforma de trabalho em madeira apoiada no solo - altura de até 6 m - utilização de 5 vezes - confecção, instalação e retirada | F69: m³ | G69: =6*15*0.3*2 -> 54 | H69: 72.95 | I69: =(H69*$J$4)+H69 -> 90.61849 | J69: =I69*G69 -> 4893.3985
B70: 5 | E70: SUPERESTRUTURA | J70: =J71+J77+J82+J94 -> 594752.01
B71: 5.1 | E71: VIGAS PRÉ-MOLDADAS- LONGARINAS | J71: =SUM(J72:J76) -> 386527.42
B72: 5.1.1 | C72: Comp.03 | D72: - | E72: LONGARINA DE CONCRETO ARMADO PRÉ-MOLDADO 0,25x0,70 | F72: m | G72: =15*12 -> 180 | H72: 1000.12 | I72: =(H72*$J$4)+H72 -> 1242.3491 | J72: =I72*G72 -> 223622.83
B73: 5.1.2 | C73: 5915400 | D73: SICRO3 | E73: Carga, descarga e manobra de vigas pré-moldadas de até 500 kN em cavalo mecânico com dolly de 4 eixos com capacidade de 57 t | F73: un | G73: 15 | H73: 3440 | I73: =(H73*$J$4)+H73 -> 4273.168 | J73: =I73*G73 -> 64097.52
B74: 5.1.3 | C74: 5915325 | D74: SICRO3 | E74: Transporte em cavalo mecânico com dolly de 4 eixos com capacidade de 57 t - rodovia em leito natural | F74: km | G74: =24*3 -> 72 | H74: 91 | I74: =(H74*$J$4)+H74 -> 113.0402 | J74: =I74*G74 -> 8138.8944
B75: 5.1.4 | C75: 5915327 | D75: SICRO3 | E75: Transporte em cavalo mecânico com dolly de 4 eixos com capacidade de 57 t - rodovia pavimentada | F75: km | G75: =48*3 -> 144 | H75: 60 | I75: =(H75*$J$4)+H75 -> 74.532 | J75: =I75*G75 -> 10732.608
B76: 5.1.5 | C76: 3806420 | D76: SICRO3 | E76: Lançamento de viga pré-moldada de até 500 kN com utilização de guindaste | F76: un | G76: 15 | H76: 4290 | I76: =(H76*$J$4)+H76 -> 5329.038 | J76: =I76*G76 -> 79935.57
B77: 5.2 | E77: PLACAS PRÉ-MOLDADAS TRELIÇADAS PARA LAJE | J77: =SUM(J78:J81) -> 71910.262
B78: 5.2.1 | C78: Comp.04 | D78: - | E78: Placas treliçadas pré-moldadas para ponte | F78: m² | G78: =7*36 -> 252 | H78: 209.09 | I78: =(H78*$J$4)+H78 -> 259.7316 | J78: =I78*G78 -> 65452.363
B79: 5.2.2 | C79: 100948 | D79: SINAPI | E79: TRANSPORTE COM CAMINHÃO CARROCERIA 9T, EM VIA URBANA PAVIMENTADA, ADICIONAL PARA DMT EXCEDENTE A 30 KM | F79: tkm | G79: =48*25.2 -> 1209.6 | H79: 0.98 | I79: =(H79*$J$4)+H79 -> 1.217356 | J79: =I79*G79 -> 1472.5138
B80: 5.2.3 | C80: 100945 | D80: SINAPI | E80: TRANSPORTE COM CAMINHÃO CARROCERIA 9T, EM LEITO NATURAL | F80: tkm | G80: =24*25.2 -> 604.8 | H80: 3.69 | I80: =(H80*$J$4)+H80 -> 4.583718 | J80: =I80*G80 -> 2772.2326
B81: 5.2.4 | C81: 3806426 | D81: SICRO3 | E81: Lançamento de pré-laje com utilização de guindauto | F81: t | G81: 25.2 | H81: 70.7 | I81: =(H81*$J$4)+H81 -> 87.82354 | J81: =I81*G81 -> 2213.1532
B82: 5.3 | E82: LAJE - CAPEAMENTO | J82: =SUM(J83:J92) -> 87358.994
B83: 5.3.1 | C83: 92268 | D83: SINAPI | E83: FABRICAÇÃO DE FÔRMA PARA LAJES, EM CHAPA DE MADEIRA COMPENSADA PLASTIFICADA, E = 18 MM | F83: m² | G83: =(7*2*0.22)+(36*2*0.22) -> 18.92 | H83: 113.06 | I83: =(H83*$J$4)+H83 -> 140.44313 | J83: =I83*G83 -> 2657.1841
B84: 5.3.2 | C84: 92482 | D84: SINAPI | E84: MONTAGEM E DESMONTAGEM DE FÔRMA DE LAJE MADEIRA, EM MADEIRA SERRADA, 4 UTILIZAÇÕES | F84: m² | G84: =G83 -> 18.92 | H84: 341 | I84: =(H84*$J$4)+H84 -> 423.5902 | J84: =I84*G84 -> 8014.3266
B85: 5.3.3 | C85: 92770 | D85: SINAPI | E85: ARMAÇÃO DE LAJE DE ESTRUTURA CONVENCIONAL DE CONCRETO ARMADO UTILIZANDO AÇO CA-50 DE 8,0 MM - MONTAGEM | F85: kg | G85: =((1080)/12*4.74) -> 426.6 | H85: 11.45 | I85: =(H85*$J$4)+H85 -> 14.22319 | J85: =I85*G85 -> 6067.6129
B86: 5.3.4 | C86: 92768 | D86: SINAPI | E86: ARMAÇÃO DE LAJE DE ESTRUTURA CONVENCIONAL DE CONCRETO ARMADO UTILIZANDO AÇO CA-50 DE 5,0 MM - MONTAGEM | F86: kg | G86: =((36*36)/12*1.85) -> 199.8 | H86: 13.3 | I86: =(H86*$J$4)+H86 -> 16.52126 | J86: =I86*G86 -> 3300.9477
B87: 5.3.5 | C87: 92763 | D87: SINAPI | E87: ARMAÇÃO DE PILAR OU VIGA DE ESTRUTURA CONVENCIONAL DE CONCRETO ARMADO UTILIZANDO AÇO CA-60 DE 12,5 MM - MONTAGEM. | F87: Kg | G87: =((4*7*2))/12*11.55*1.1 -> 59.29 | H87: 8.91 | I87: =(H87*$J$4)+H87 -> 11.068002 | J87: =I87*G87 -> 656.22184
B88: 5.3.6 | C88: 92762 | D88: SINAPI | E88: ARMAÇÃO DE PILAR OU VIGA DE ESTRUTURA CONVENCIONAL DE CONCRETO ARMADO UTILIZANDO AÇO CA-60 DE 10,0 MM - MONTAGEM. | F88: Kg | G88: =(180)/12*7.4 -> 111 | H88: 10.65 | I88: =(H88*$J$4)+H88 -> 13.22943 | J88: =I88*G88 -> 1468.4667
B89: 5.3.7 | C89: 96558 | D89: SINAPI | E89: CONCRETAGEM FCK 30 MPA, COM USO DE BOMBA - LANÇAMENTO, ADENSAMENTO E ACABAMENTO | F89: m³ | G89: =G78*0.18 -> 45.36 | H89: 904.08 | I89: =(H89*$J$4)+H89 -> 1123.0482 | J89: =I89*G89 -> 50941.465
B90: 5.3.8 | C90: 5909007 | D90: SICRO3 | E90: Carga, manobra e descarga de concreto com caminhão betoneira - carga em central de concreto de 30 m³/h e descarga livre | F90: t | G90: =G89*2.5 -> 113.4 | H90: 25.1 | I90: =(H90*$J$4)+H90 -> 31.17922 | J90: =I90*G90 -> 3535.7235
B91: 5.3.9 | C91: 5914539 | D91: SICRO3 | E91: Transporte com caminhão betoneira - rodovia em leito natural | F91: tkm | G91: =(G89*2.5)*24 -> 2721.6 | H91: 1.37 | I91: =(H91*$J$4)+H91 -> 1.701814 | J91: =I91*G91 -> 4631.657
B92: 5.3.10 | C92: 5914569 | D92: SICRO3 | E92: Transporte com caminhão betoneira - rodovia pavimentada | F92: tkm | G92: =(G89*2.5)*48 -> 5443.2 | H92: 0.9 | I92: =(H92*$J$4)+H92 -> 1.11798 | J92: =I92*G92 -> 6085.3887
B94: 5.4 | E94: VIGAS TRANSVERSINAS | J94: =SUM(J95:J101) -> 48955.325
B95: 5.4.1 | C95: 92266 | D95: SINAPI | E95: FABRICAÇÃO DE FÔRMA PARA VIGAS, EM CHAPA DE MADEIRA COMPENSADA PLASTIFICADA, E = 18 MM | F95: m² | G95: =(15*0.7*2*2)+(7*0.7*2*2) -> 61.6 | H95: 185.1 | I95: =(H95*$J$4)+H95 -> 229.93122 | J95: =I95*G95 -> 14163.763
B96: 5.4.2 | C96: 92448 | D96: SINAPI | E96: MONTAGEM E DESMONTAGEM DE FÔRMA DE VIGA, ESCORAMENTO COM PONTALETE DE MADEIRA, EM MADEIRA SERRADA, 4 UTILIZAÇÕES | F96: m² | G96: =G95 -> 61.6 | H96: 165.1 | I96: =(H96*$J$4)+H96 -> 205.08722 | J96: =I96*G96 -> 12633.373
B97: 5.4.3 | C97: 92761 | D97: SINAPI | E97: ARMAÇÃO DE PILAR OU VIGA DE ESTRUTURA CONVENCIONAL DE CONCRETO ARMADO UTILIZANDO AÇO CA-60 DE 8,0 MM - MONTAGEM. | F97: Kg | G97: =((60*1*2*2)+(4*12.5*2*2)+(4*6.25*2)+(30*1*2))/12*4.74 -> 217.25 | H97: 12.02 | I97: =(H97*$J$4)+H97 -> 14.931244 | J97: =I97*G97 -> 3243.8128
B98: 5.4.4 | C98: 96558 | D98: SINAPI | E98: CONCRETAGEM FCK 30 MPA, COM USO DE BOMBA - LANÇAMENTO, ADENSAMENTO E ACABAMENTO | F98: m³ | G98: =(15*0.7*0.3*2)+(7*0.7*0.7*2) -> 13.16 | H98: 904.08 | I98: =(H98*$J$4)+H98 -> 1123.0482 | J98: =I98*G98 -> 14779.314
B99: 5.4.5 | C99: 5914539 | D99: SICRO3 | E99: Transporte com caminhão betoneira - rodovia em leito natural | F99: tkm | G99: =(G98*2.5)*24 -> 789.6 | H99: 1.37 | I99: =(H99*$J$4)+H99 -> 1.701814 | J99: =I99*G99 -> 1343.7523
B100: 5.4.6 | C100: 5914569 | D100: SICRO3 | E100: Transporte com caminhão betoneira - rodovia pavimentada | F100: tkm | G100: =(G98*2.5)*48 -> 1579.2 | H100: 0.9 | I100: =(H100*$J$4)+H100 -> 1.11798 | J100: =I100*G100 -> 1765.514
B101: 5.4.7 | C101: 5909007 | D101: SICRO3 | E101: Carga, manobra e descarga de concreto com caminhão betoneira - carga em central de concreto de 30 m³/h e descarga livre | F101: t | G101: =G98*2.5 -> 32.9 | H101: 25.1 | I101: =(H101*$J$4)+H101 -> 31.17922 | J101: =I101*G101 -> 1025.7963
B102: 6 | E102: ACABAMENTOS E OBRAS COMPLEMENTARES | J102: =SUM(J103:J109) -> 50734.807
B103: 6.1 | C103: Comp.05 | D103: - | E103: Guarda rodas | F103: m | G103: 72 | H103: 81.83 | I103: =(H103*$J$4)+H103 -> 101.64923 | J103: =I103*G103 -> 7318.7443
B104: 6.2 | C104: 106220 | D104: SINAPI | E104: GUARDA-CORPO DE AÇO GALVANIZADO COMPLEMENTAR À ALVENARIA, 0,65 M DE ALTURA, MONTANTES TUBULARES DE 1 1/4" ESPAÇADOS DE 1,80 M, TRAVESSA SUPERIOR DE 1 1/2", GRADIL FORMADO POR TUBOS HORIZONTAIS DE 1" E VERTICAIS DE 3/4", FIXADO COM ADESIVO ESTRUTURAL EPÓXI. AF_10/2025 | F104: M | G104: 72 | H104: 411.5 | I104: =(H104*$J$4)+H104 -> 511.1653 | J104: =I104*G104 -> 36803.902
...

Sheet CRONOGRAMA
B2: CRONOGRAMA FÍSICO FINANCEIRO
B4: PREFEITURA MUNICIPAL DE FLORIANO PEIXOTO/RS
B5: CONSTRUÇÃO UMA PONTE EM CONCRETO ARMADO SOBRE O RIO APUAÊ, COM. RIO LIGEIRO ALTO
B7: CRONOGRAMA FÍSICO FINANCEIRO
B8: PREFEITURA MUNICIPAL DE FLORIANO PEIXOTO/RS
B9: Ponte sobre o Rio Apuaê 36,00 x 7,00 m
B10: ITEM | C10: DESCRIÇÃO | D10: TOTAIS | E10: ETAPA 1 | F10: ETAPA 2 | G10: ETAPA 3 | H10: ETAPA 4 | I10: ETAPA 5 | J10: ETAPA 6
B11: 1 | C11: SERVIÇOS TÉCNICOS | D11: =ORÇAMENTO!J10 -> 130132.87 | E11: =D11*0.2 -> 26026.574 | F11: =D11*0.2 -> 26026.574 | G11: =D11*0.2 -> 26026.574 | H11: =D11*0.1 -> 13013.287 | I11: =D11*0.1 -> 13013.287 | J11: =D11*0.2 -> 26026.574
B12: 2 | C12: SERVIÇOS INICIAIS | D12: =ORÇAMENTO!J12 -> 56197.471 | E12: =D12*0.5 -> 28098.735 | F12: =D12*0.1 -> 5619.7471 | G12: =D12*0.1 -> 5619.7471 | H12: =D12*0.1 -> 5619.7471 | I12: =D12*0.1 -> 5619.7471 | J12: =D12*0.1 -> 5619.7471
B13: 3 | C13: =ORÇAMENTO!E22 -> INFRAESTRUTURA | D13: =ORÇAMENTO!J22 -> 226001.98 | E13: =D13*1 -> 226001.98
B14: 4 | C14: MESOESTRUTURA | D14: =ORÇAMENTO!J37 -> 497677.07 | F14: =D14*0.7 -> 348373.95 | G14: =D14*0.3 -> 149303.12
B15: 5 | C15: SUPERESTRUTURA | D15: =ORÇAMENTO!J70 -> 594752.01 | H15: =D15*0.4 -> 237900.8 | I15: =D15*0.4 -> 237900.8 | J15: =D15*0.2 -> 118950.4
B16: 6 | C16: ACABAMENTOS E OBRAS COMPLEMENTARES | D16: =ORÇAMENTO!J102 -> 50734.807 | J16: =D16 -> 50734.807
C17: TOTAL | D17: =SUM(D11:D16) -> 1555496.2 | E17: =SUM(E11:E16) -> 280127.29 | F17: =SUM(F11:F16) -> 380020.27 | G17: =SUM(G11:G16) -> 180949.44 | H17: =SUM(H11:H16) -> 256533.84 | I17: =SUM(I11:I16) -> 256533.84 | J17: =SUM(J11:J16) -> 201331.53
C18: % | D18: =SUM(E18:J18) -> 1 | E18: =E17/D17 -> 0.1800887 | F18: =F17/D17 -> 0.24430807 | G18: =G17/D17 -> 0.11632908 | H18: =H17/D17 -> 0.1649209 | I18: =I17/D17 -> 0.1649209 | J18: =J17/D17 -> 0.12943235
B20: Floriano Peixoto/RS, 24 de julho de 2026.
F25: Angelica Gasparetto Sandri
F26: Engenheira Civil
F27: CREA RS 215.874

Sheet DMT
B2: PREFEITURA MUNICIPAL DE FLORIANO PEIXOTO/RS
B3: CONSTRUÇÃO UMA PONTE EM CONCRETO ARMADO
B5: DMT - Distâncias Médias de Transporte
B7: Transporte de concreto | C7: Tipo Rodovia | D7: km
B8: Erechim à Floriano Peixoto/RS | C8: Pavimentada | D8: 48
B9: Distância de Floriano Peixoto/RS até a Ponte do Rio Apuaê | C9: Leito Natural | D9: 24
B11: Transporte vigas longarinas e das Lajes pré-moldadas | C11: Tipo Rodovia | D11: km
B12: Distância média dos grandes centros (Erechim/RS, Passo Fundo/RS e Chapecó/SC) a Floriano Peixoto/RS | C12: Pavimentada | D12: 85
B13: Distância de Floriano Peixoto/RS até a Ponte do Rio Apuaê | C13: Leito Natural | D13: 24
B16: Floriano Peixoto/RS, 03 de outubro de 2025.
C22: Angelica Gasparetto Sandri
C23: Engenheira Civil
C24: CREA RS 215.874

Sheet BDI
B2: DETALHAMENTO DO BDI
B3: TOMADOR: PREFEITURA MUNICIPAL DE FLORIANO PEIXOTO/RS
B4: OBRA: CONSTRUÇÃO DE UMA PONTE DE CONCRETO ARMADO SOBRE O RIO APUÂE, COM. RIO LIGEIRO
B5: MUNICÍPIO: FLORIANO PEIXOTO/RS
B7: Conforme legislação tributária municipal, definir estimativa de percentual da base de cálculo para o ISS: | I7: 1
B8: Sobre a base de cálculo, definir a respectiva alíquota do ISS (entre 2% e 5%) | I8: 0.05
B10: PARCELAS DO BDI | D10: VALORES PERCENTUAIS ADOTADOS | G10: LIMITES DAS PARCELAS DO BDI PARA OBRAS DESTE TIPO. ACÓRDÃO TCU 2622/2013
G11: Min. | H11: Med. | I11: Máx.
B12: (AC) - Administração Central | D12: 0.039 | G12: 3.8 | H12: 4.01 | I12: 4.67
B13: (R) - Riscos | D13: 0.0045 | G13: 0.32 | H13: 0.4 | I13: 0.74
B14: (S) + (G) - Seguro e Garantia | D14: 0.006 | G14: 0.5 | H14: 0.56 | I14: 0.97
B15: (DF) - Despesas Financeiras | D15: 0.0105 | G15: 1.02 | H15: 1.11 | I15: 1.21
B16: (L) - Lucro | D16: 0.07 | G16: 6.64 | H16: 7.3 | I16: 8.69
B17: (I1) - PIS | D17: 0.0065 | G17: 0.65 | H17: 0.65 | I17: 0.65
B18: (I2) - COFINS | D18: 0.03 | G18: 3 | H18: 3 | I18: 3
B19: (I2) - ISS | D19: =I8*I7 -> 0.05 | G19: 2 | H19: 2 | I19: 5
B20: (I4) - Contribuição Previdenciária) | D20: 0
B21: BDI % = | D21: =ROUND((((1+D12+D13+D14)*(1+D15)*(1+D16))/(1-D17-D18-D19-D20))-1,4) -> 0.2422
B23: VALOR PARA SIMPLES CONFERÊNCIA DO ENQUADRAMENTO DO BDI NOS LIMITES ESTABELECIDOS PELO ACÓRDÃO TCU 2622/2013 | G23: LIMITES DAS PARCELAS DO BDI PARA OBRAS DESTE TIPO. ACÓRDÃO TCU 2622/2013
B24: BDI desconsiderando a parcela (I4) contribuição previdenciária | D24: =ROUND((((1+D12+D13+D14)*(1+D15)*(1+D16))/(1-D17-D18-D19))-1,4) -> 0.2422 | G24: 19.6 | H24: 20.97 | I24: 24.23
B26: DECLARAÇÕES
B27: DECLARO que, de acordo com a legislação tributária do municipio de FLORIANO PEIXOTO - RS, considerando a natureza da obra acima discriminada, para cálculo do valor de ISS a ser cobrado da empresa construtora, é aplicada a aliquota de 5% sobre o valor total da obra.
B28: DECLARO que o percentual de encargos sociais utilizados no valor da mão-de-obra do orçamento são os encargos sociais praticados pelo SINAPI e/ou SICRO.
B29: DECLARO que o orçamento da obra foi verificado com os custos nas duas possibilidades de CONTRIBUIÇÃO PREVIDENCIÁRIA e foi adotado a modalidade SEM DESONERAÇÃO por ser a mais adequada ao Tomador PREFEITURA MUNICIPAL DE FLORIANO PEIXOTO - RS.
B31: Floriano Peixoto/RS, 24 de julho de 2026.
F41: Angelica Gasparetto Sandri
F42: Engenheira Civil
F43: CREA RS 215.874

Sheet COMP. 
B1: COMPOSIÇÃO PRÓPRIA
B3: PREFEITURA MUNICIPAL DE FLORIANO PEIXOTO/RS
B4: CONSTRUÇÃO DE UMA PONTE EM CONCRETO ARMADO SOBRE O RIO APUAE, COM. RIO LIGEIRO ALTO
B6: CODIGO DA COMPOSICAO: | D6: COMP.01 | E6: DATA-BASE: | F6: 46174
B7: DESCRICAO DA COMPOSICAO: | D7: ADMINISTRAÇÃO DE OBRA
B8: UNIDADE: | D8: unidade
B9: Composição: | C9: CÓDIGO | D9: DESCRIÇÃO ITEM | E9: UNIDADE ITEM | F9: COEFICIENTE | G9: PRECO UNITARIO | H9: CUSTO TOTAL
B10: Composição | C10: 90778 | D10: ENGENHEIRO CIVIL DE OBRA PLENO COM ENCARGOS COMPLEMENTARES | E10: H | F10: 130 | G10: 145 | H10: =G10*F10 -> 18850
B11: Composição | C11: 93572 | D11: ENCARREGADO GERAL DE OBRAS COM ENCARGOS COMPLEMENTARES | E11: MÊS | F11: 6 | G11: 13405 | H11: =G11*F11 -> 80430
B12: Composição | C12: 90766 | D12: ALMOXARIFE COM ENCARGOS COMPLEMENTARES | E12: H | F12: 120 | G12: 31.5 | H12: =G12*F12 -> 3780
B13: Composição | C13: 90775 | D13: DESENHISTA PROJETISTA COM ENCARGOS COMPLEMENTARES | E13: H | F13: 40 | G13: 42.5 | H13: =G13*F13 -> 1700
G14: VALOR TOTAL | H14: =SUM(H10:H13) -> 104760
B16: CODIGO DA COMPOSICAO: | D16: COMP.02 | E16: DATA-BASE: | F16: 46174
B17: DESCRICAO DA COMPOSICAO: | D17: PLACA DE OBRA EM CHAPA GALVANIZADA
B18: UNIDADE: | D18: m²
B19: Composição: | C19: CÓDIGO | D19: DESCRIÇÃO ITEM | E19: UNIDADE ITEM | F19: COEFICIENTE | G19: PRECO UNITARIO | H19: CUSTO TOTAL
B20: Insumo | C20: 4417 | D20: SARRAFO DE MADEIRA 2,5x7 cm | E20: M | F20: 1 | G20: 7.4 | H20: =G20*F20 -> 7.4
B21: Insumo | C21: 4433 | D21: CAIBRO 7,5x7,5 cm | E21: M | F21: 4 | G21: 26.7 | H21: =G21*F21 -> 106.8
B22: Insumo | C22: 4813 | D22: PLACA DE OBRA EM CHAPA GALVANIZADA N 22 | E22: M² | F22: 1 | G22: 230 | H22: =G22*F22 -> 230
B23: Insumo | C23: 5075 | D23: PREÇO DE AÇO 18x30 | E23: KG | F23: 0.1 | G23: 14.7 | H23: =G23*F23 -> 1.47
B24: Composição | C24: 88262 | D24: CARPINTEIRO | E24: H | F24: 0.5 | G24: 29 | H24: =G24*F24 -> 14.5
B25: Composição | C25: 88316 | D25: SERVENTE | E25: H | F25: 1 | G25: 24.8 | H25: =G25*F25 -> 24.8
G26: VALOR TOTAL | H26: =SUM(H20:H25) -> 384.97
B28: CODIGO DA COMPOSICAO: | D28: COMP.03 | E28: DATA-BASE: | F28: 46174
B29: DESCRICAO DA COMPOSICAO: | D29: LONGARINA DE CONCRETO ARMADO PRÉ-MOLDADO 0,25x0,70
B30: UNIDADE: | D30: m
B31: Composição: | C31: CÓDIGO | D31: DESCRIÇÃO ITEM | E31: UNIDADE ITEM | F31: COEFICIENTE | G31: PRECO UNITARIO | H31: CUSTO TOTAL
B32: Composição | C32: 92265 | D32: FABRICAÇÃO DE FORMA PARA VIGAS, EM CHAPA DE MADEIRA COMPENSADA RESINA E= 17 MM | E32: M² | F32: =(0.25+0.7+0.7)*1.05 -> 1.7325 | G32: 135 | H32: =G32*F32 -> 233.8875
B33: Composição | C33: 92760 | D33: ARMAÇÃO DE PILAR OU VIGA DE ESTRUTURA CONVENCIONAL DE CONCRETO ARMADO UTILIZANDO AÇO CA-50 DE 6,3 MM - MONTAGEM | E33: KG | F33: 8.46 | G33: 12.95 | H33: =G33*F33 -> 109.557
B34: Composição | C34: 92764 | D34: ARMAÇÃO DE PILAR OU VIGA DE ESTRUTURA CONVENCIONAL DE CONCRETO ARMADO UTILIZANDO AÇO CA-50 DE 16,0 MM - MONTAGEM | E34: KG | F34: 13.88 | G34: 8.58 | H34: =G34*F34 -> 119.0904
B35: Composição | C35: 92763 | D35: ARMAÇÃO DE PILAR OU VIGA DE ESTRUTURA CONVENCIONAL DE CONCRETO ARMADO UTILIZANDO AÇO CA-50 DE 12,5 MM - MONTAGEM | E35: KG | F35: 4.23 | G35: 8.91 | H35: =G35*F35 -> 37.6893
B36: Composição | C36: 92766 | D36: ARMAÇÃO DE PILAR OU VIGA DE ESTRUTURA CONVENCIONAL DE CONCRETO ARMADO UTILIZANDO AÇO CA-50 DE 25,0 MM - MONTAGEM | E36: KG | F36: 33.9 | G36: 9.62 | H36: =G36*F36 -> 326.118
B37: Composição | C37: 91602 | D37: ARMAÇÃO DE PILAR OU VIGA DE ESTRUTURA CONVENCIONAL DE CONCRETO ARMADO UTILIZANDO AÇO CA-50 DE 8,0 MM - MONTAGEM | E37: KG | F37: 1.74 | G37: 10.95 | H37: =G37*F37 -> 19.053
B38: Composição | C38: 94967 | D38: CONCRETO FCK 40 MPA, TRAÇO: 1:1,6:1,9, PREPARO MECÂNICO EM BETONEIRA | E38: M³ | F38: 0.15 | G38: 700.62 | H38: =G38*F38 -> 105.093
B39: Composição | C39: 103670 | D39: LANÇAMENTO COM USO DE BALDES, ADENSAMENTO E ACABAMENTO DE CONCRETO EM ESTRUTURAS | E39: M³ | F39: 0.15 | G39: 330.9 | H39: =G39*F39 -> 49.635
G40: VALOR TOTAL | H40: =SUM(H32:H39) -> 1000.1232
B43: CODIGO DA COMPOSICAO: | D43: COMP.04 | E43: DATA-BASE: | F43: 46174
B44: DESCRICAO DA COMPOSICAO: | D44: PLACAS TRELICADAS PRÉ-MOLDADAS PARA PONTE
B45: UNIDADE: | D45: m²
B46: Composição: | C46: CÓDIGO | D46: DESCRIÇÃO ITEM | E46: UNIDADE ITEM | F46: COEFICIENTE | G46: PRECO UNITARIO | H46: CUSTO TOTAL
B47: Composição | C47: 92267 | D47: FABRICAÇÃO DE FORMA PARA LAJES, EM CHAPA DE MADEIRA COMPENSADA RESINA E= 17 MM | E47: M² | F47: 1.1 | G47: 67.2 | H47: =G47*F47 -> 73.92
B48: Insumo | C48: 42407 | D48: TRELICA NERVURADA (ESPAÇADOR), ALTURA 120 MM, DIAMETRO DOS BANZOS INFERIORES E SUPERIOR = 6,0 MM, DIAGONAL 4,0 MM | E48: M | F48: 6.25 | G48: 6.47 | H48: =G48*F48 -> 40.4375
B49: Composição | C49: 92770 | D49: ARMAÇÃO DE LAJE DE ESTRUTURA CONVENCIONAL DE CONCRETO ARMADO UTILIZANDO AÇO CA - 50 DE 8,0 MM - MONTAGEM | E49: KG | F49: 5 | G49: 11.45 | H49: =G49*F49 -> 57.25
B50: Composição | C50: 94966 | D50: CONCRETO FCK 30 MPA, TRAÇO: 1:2,1:2,5, PREPARO MECÂNICO EM BETONEIRA | E50: M³ | F50: 0.04 | G50: 606.1 | H50: =G50*F50 -> 24.244
B51: Composição | C51: 103670 | D51: LANÇAMENTO COM USO DE BALDES, ADENSAMENTO E ACABAMENTO DE CONCRETO EM ESTRUTURAS | E51: M³ | F51: 0.04 | G51: 330.9 | H51: =G51*F51 -> 13.236
G52: VALOR TOTAL | H52: =SUM(H47:H51) -> 209.0875
B54: CODIGO DA COMPOSICAO: | D54: COMP.05 | E54: DATA-BASE: | F54: 46174
B55: DESCRICAO DA COMPOSICAO: | D55: GUARDA RODAS
B56: UNIDADE: | D56: m
B57: Composição: | C57: CÓDIGO | D57: DESCRIÇÃO ITEM | E57: UNIDADE ITEM | F57: COEFICIENTE | G57: PRECO UNITARIO | H57: CUSTO TOTAL
B58: Composição | C58: 92267 | D58: FABRICAÇÃO DE FORMA PARA LAJES, EM CHAPA DE MADEIRA COMPENSADA RESINA E= 17 MM | E58: M² | F58: 0.44 | G58: 67.2 | H58: =G58*F58 -> 29.568
B59: Insumo | C59: 42407 | D59: TRELICA NERVURADA (ESPAÇADOR), ALTURA 120 MM, DIAMETRO DOS BANZOS INFERIORES E SUPERIOR = 6,0 MM, DIAGONAL 4,0 MM | E59: M | F59: 1 | G59: 6.47 | H59: =G59*F59 -> 6.47
B60: Composição | C60: 92762 | D60: ARMAÇÃO DE PILAR OU VIGA DE ESTRUTURA CONVENCIONAL DE CONCRETO ARMADO UTILIZANDO AÇO CA-50 DE 10,0 MM - MONTAGEM | E60: KG | F60: 1.22 | G60: 10.65 | H60: =G60*F60 -> 12.993
B61: Composição | C61: 94966 | D61: CONCRETO FCK 30 MPA, TRAÇO: 1:2,1:2,5, PREPARO MECÂNICO EM BETONEIRA | E61: M³ | F61: 0.035 | G61: 606.1 | H61: =G61*F61 -> 21.2135
B62: Composição | C62: 103670 | D62: LANÇAMENTO COM USO DE BALDES, ADENSAMENTO E ACABAMENTO DE CONCRETO EM ESTRUTURAS | E62: M³ | F62: 0.035 | G62: 330.9 | H62: =G62*F62 -> 11.5815
G63: VALOR TOTAL | H63: =SUM(H58:H62) -> 81.826
B66: CODIGO DA COMPOSICAO: | D66: COMP.06 | E66: DATA-BASE: | F66: 46174
B67: DESCRICAO DA COMPOSICAO: | D67: ENSECADEIRAS DE MADEIRA
B68: UNIDADE: | D68: m²
B69: Composição: | C69: CÓDIGO | D69: DESCRIÇÃO ITEM | E69: UNIDADE ITEM | F69: COEFICIENTE | G69: PRECO UNITARIO | H69: CUSTO TOTAL
B70: Composição | C70: 96528 | D70: FABRICAÇÃO, MONTAGEM E DESMONTAGEM DE FÔRMA PARA BLOCO DE COROAMENTO, EM MADEIRA SERRADA, E=25 MM, 1 UTILIZAÇÃO | E70: M² | F70: 2 | G70: 149.4 | H70: =G70*F70 -> 298.8
G71: VALOR TOTAL | H71: =SUM(H70:H70) -> 298.8
B81: CODIGO DA COMPOSICAO: | D81: COMP.07 | E81: DATA-BASE: | F81: 46174
B82: DESCRICAO DA COMPOSICAO: | D82: ENSECADEIRAS DE CONCRETO ARMADO
B83: UNIDADE: | D83: m²
B84: Composição: | C84: CÓDIGO | D84: DESCRIÇÃO ITEM | E84: UNIDADE ITEM | F84: COEFICIENTE | G84: PRECO UNITARIO | H84: CUSTO TOTAL
B85: Composição | C85: 92267 | D85: FABRICAÇÃO DE FORMA PARA LAJES, EM CHAPA DE MADEIRA COMPENSADA RESINA E= 17 MM | E85: M² | F85: 2 | G85: 67.2 | H85: =G85*F85 -> 134.4
B86: Insumo | C86: 7156 | D86: TELA DE ACO SOLDADA NERVURADA, CA-60, Q-196, (3,11 KG/M2), DIAMETRO DO FIO = 5,0 MM, LARGURA = 2,45 M, ESPACAMENTO DA MALHA = 10 X 10 CM | E86: M² | F86: 2 | G86: 19.76 | H86: =G86*F86 -> 39.52
B87: Composição | C87: 92762 | D87: ARMAÇÃO DE PILAR OU VIGA DE ESTRUTURA CONVENCIONAL DE CONCRETO ARMADO UTILIZANDO AÇO CA-50 DE 10,0 MM - MONTAGEM | E87: KG | F87: 7.4 | G87: 10.65 | H87: =G87*F87 -> 78.81
B88: Composição | C88: 94966 | D88: CONCRETO FCK 30 MPA, TRAÇO: 1:2,1:2,5, PREPARO MECÂNICO EM BETONEIRA | E88: M³ | F88: 0.15 | G88: 606.1 | H88: =G88*F88 -> 90.915
B89: Composição | C89: 103670 | D89: LANÇAMENTO COM USO DE BALDES, ADENSAMENTO E ACABAMENTO DE CONCRETO EM ESTRUTURAS | E89: M³ | F89: 0.15 | G89: 330.9 | H89: =G89*F89 -> 49.635
G90: VALOR TOTAL | H90: =SUM(H85:H89) -> 393.28
F99: Floriano Peixoto/RS, 24 de julho de 2026.
G105: Angelica Gasparetto Sandri
G106: Engenheira Civil
G107: CREA RS 215.874

Sheet Planilha1
A2: Ponte sobre o Rio Apuâe - Comunidade Rio Ligeiro Alto
A4: INFRAESTRUTURA
A6: FUNDAÇÕES
A8: Descrição | B8: Comprimento | C8: Largura | D8: Altura | E8: Quantidade | F8: Total
B9: (m) | C9: (m) | D9: (m)
A10: Escavação (m³) | B10: 3.1415 | D10: 2 | E10: 4 | F10: =B10*D10*E10 -> 25.132
A11: Ensecadeira de madeira | B11: 36 | D11: 1.5 | F11: =B11*D11 -> 54
A12: Ensecadeira de concreto | B12: 36 | D12: 1 | F12: =B12*D12 -> 36
A13: Armação 16 mm (Kg) | B13: 2.5 | E13: 32 | F13: =(E13*B13*1.578)-0.07 -> 126.17
B14: 2 | E14: 30 | F14: =(E14*B14*1.578) -> 94.68 | G14: * peso/metro de 1,578 Kg
A15: Armação 8 mm (Kg) | B15: 15 | E15: 60 | F15: =E15*B15*0.395*1.1 -> 391.05
G16: * peso/metro de 0,395 Kg
A17: Armação 10 mm (Kg) | B17: 5.7 | E17: 160 | F17: =E17*B17*0.617*1.1-0.33 -> 618.6444 | G17: * peso/metro de 0,617 Kg
A18: Armação 12,5 mm (Kg) | B18: 7.2 | E18: 300 | F18: =E18*B18*0.963*1.1-1.19 -> 2286.898 | G18: * peso/metro de 0,963 Kg
A19: Concreto (m³) | B19: 3.1415 | D19: 2 | E19: 4 | F19: =D19*B19*E19 -> 25.132
B20: 15 | C20: 3 | D20: 0.8 | E20: 2 | F20: =D20*B20*E20*C20 -> 72
A21: Carga e Descarga (T) | E21: =F19+F20 -> 97.132 | F21: =E21*2.5 -> 242.83 | G21: * peso de 2,5 t/m³
A22: Trasnporte rodovia natural | B22: 24 | E22: =F21 -> 242.83 | F22: =E22*B22 -> 5827.92 | G22: *DMT de 24 Km
A23: Trasnporte rodovia pav | B23: 48 | E23: =F21 -> 242.83 | F23: =E23*B23 -> 11655.84 | G23: *DMT de 48 Km
A25: MESOESTRUTURA
A27: PILARES
A29: Descrição | B29: Comprimento | C29: Largura | D29: Altura | E29: Quantidade | F29: Total
B30: (m) | C30: (m) | D30: (m)
A31: Fabricação de forma (m²) | B31: 3.1415 | C31: 0.7 | D31: 4 | E31: 4 | F31: =B31*D31*E31*C31 -> 35.1848
A32: Montagem de forma (m²) | B32: 3.1415 | C32: 0.7 | D32: 4 | E32: 4 | F32: =B32*D32*E32 -> 50.264
A33: Armação 16 mm (Kg) | B33: 9.4 | E33: 64 | F33: =(E33*B33*1.578)-0.3 -> 949.0248 | G33: * peso/metro de 1,578 Kg
A34: Armação 6,3 mm (Kg) | B34: 2.1 | E34: 352 | F34: =E34*B34*0.245 -> 181.104 | G34: * peso/metro de 0,245 Kg
A35: Concreto (m³) | B35: =3.1415*0.7*0.7/4 -> 0.38483375 | D35: 4 | E35: 4 | F35: =B35*D35*E35 -> 6.15734
A36: Carga e Descarga (T) | E36: =F35 -> 6.15734 | F36: =E36*2.5 -> 15.39335 | G36: * peso de 2,5 t/m³
A37: Trasnporte rodovia natural | B37: 24 | E37: =F36 -> 15.39335 | F37: =E37*B37 -> 369.4404 | G37: *DMT de 24 Km
A38: Trasnporte rodovia pav | B38: 48 | E38: =F36 -> 15.39335 | F38: =E38*B38 -> 738.8808 | G38: *DMT de 48 Km
A39: Plataforma | B39: 7 | C39: 0.3 | D39: 6 | E39: 4 | F39: =B39*C39*D39*E39 -> 50.4
A41: VIGAS
A43: Descrição | B43: Comprimento | C43: Largura | D43: Altura | E43: Quantidade | F43: Total
B44: (m) | C44: (m) | D44: (m)
A45: Fabricação de forma (m²) | B45: 7 | C45: 0.7 | E45: 4 | F45: =B45*E45*C45 -> 19.6
B46: 0.7 | C46: 0.7 | E46: 4 | F46: =B46*E46*C46 -> 1.96
B47: 7 | C47: 1.3 | E47: 4 | F47: =B47*E47*C47 -> 36.4
B48: 1.3 | C48: 0.7 | E48: 4 | F48: =B48*E48*C48 -> 3.64
A49: Montagem de forma (m²) | F49: =F45+F46+F47+F48 -> 61.6
A50: Armação 16 mm (Kg) | B50: 7.2 | E50: 12 | F50: =(E50*B50*1.578)-0.07 -> 136.2692 | G50: * peso/metro de 1,578 Kg
B51: 7.5 | E51: 8 | F51: =(E51*B51*1.578) -> 94.68
A52: Armação 20 mm (Kg) | B52: 7.5 | E52: 20 | F52: =E52*B52*2.466 -> 369.9 | G52: * peso/metro de 2,466 Kg
A53: Armação 6,3 mm (Kg) | B53: 525.6 | E53: 2 | F53: =E53*B53*0.245 -> 257.544 | G53: * peso/metro de 0,245 Kg
A54: Concreto (m³) | B54: 7 | C54: 0.7 | D54: 0.7 | E54: 2 | F54: =B54*D54*E54*C54 -> 6.86
B55: 7 | C55: 2 | D55: 0.7 | E55: 2 | F55: =B55*D55*E55*C55 -> 19.6
A56: Carga e Descarga (T) | E56: =F54+F55 -> 26.46 | F56: =E56*2.5 -> 66.15 | G56: * peso de 2,5 t/m³
A57: Trasnporte rodovia natural | B57: 24 | E57: =F56 -> 66.15 | F57: =E57*B57 -> 1587.6 | G57: *DMT de 24 Km
A58: Trasnporte rodovia pav | B58: 48 | E58: =F56 -> 66.15 | F58: =E58*B58 -> 3175.2 | G58: *DMT de 48 Km
A59: Plataforma | B59: 7 | C59: 0.3 | D59: 6 | E59: 4 | F59: =B59*C59*D59*E59 -> 50.4
A61: CABECEIRAS
A63: Descrição | B63: Comprimento | C63: Largura | D63: Altura | E63: Quantidade | F63: Total
B64: (m) | C64: (m) | D64: (m)
A65: Fabricação de forma (m²) | B65: 15.3 | D65: 6 | E65: 4 | F65: =B65*D65*E65 -> 367.2
A66: Montagem de forma (m²) | B66: 15.3 | D66: 6 | E66: 4 | F66: =B66*D66*E66 -> 367.2
A67: Armação 10 mm (Kg) | B67: 8 | E67: 156 | F67: =(E67*B67*0.617)-0.42 -> 769.596 | G67: * peso/metro de 0,617 Kg
A68: Armação 8 mm (Kg) | B68: 15 | E68: 248 | F68: =E68*B68*0.395 -> 1469.4 | G68: * peso/metro de 0,395 Kg
A69: Armação 12,5 mm (Kg) | B69: 20.05 | E69: 104 | F69: =(E69*B69*0.963*1.1)-(1.14) -> 2207.7124 | G69: * peso/metro de 0,963 Kg
A70: Concreto (m³) | B70: 15 | C70: 0.55 | D70: 6 | E70: 2 | F70: =B70*C70*D70*E70 -> 99
A71: Carga e Descarga (T) | E71: =F70 -> 99 | F71: =E71*2.5 -> 247.5 | G71: * peso de 2,5 t/m³
A72: Trasnporte rodovia natural | B72: 24 | E72: =F71 -> 247.5 | F72: =E72*B72 -> 5940 | G72: *DMT de 24 Km
A73: Trasnporte rodovia pav | B73: 48 | E73: =F71 -> 247.5 | F73: =E73*B73 -> 11880 | G73: *DMT de 48 Km
A74: Plataforma | B74: 7 | C74: 0.3 | D74: 6 | E74: 4 | F74: =B74*C74*D74*E74 -> 50.4
A76: SUPERESTRUTURA
A78: VIGAS PRÉ MOLDADAS/LONGARINAS
A80: Descrição | B80: Comprimento | C80: Largura | D80: Altura | E80: Quantidade | F80: Total
B81: (m) | C81: (m) | D81: (m)
A82: Longarinas | B82: 12 | E82: 15 | F82: =B82*E82 -> 180
A84: PLACAS PARA LAJE
A86: Descrição | B86: Comprimento | C86: Largura | D86: Altura | E86: Quantidade | F86: Total
B87: (m) | C87: (m) | D87: (m)
A88: Placas treliçadas (m²) | B88: 36 | C88: 7 | E88: 1 | F88: =B88*E88*C88 -> 252
A89: Trasnporte rodovia natural | B89: 24 | E89: =E90 -> 25.2 | F89: =E89*B89 -> 604.8 | G89: *DMT de 24 Km
A90: Transporte rodovia pav | B90: 48 | E90: =F88*0.1 -> 25.2 | F90: =E90*B90 -> 1209.6 | G90: *Peso de 100 Kg/m² e DMT 70 Km
A92: LAJE - CAPEAMENTO
A94: Descrição | B94: Comprimento | C94: Largura | D94: Altura | E94: Quantidade | F94: Total
B95: (m) | C95: (m) | D95: (m)
A96: Fabricação de forma (m²) | B96: 86 | D96: 0.22 | F96: =B96*D96 -> 18.92
A97: Montagem de forma (m²) | B97: 86 | D97: 0.22 | F97: =B97*D97 -> 18.92
A98: Armação 8 mm (Kg) | B98: 1.2 | E98: 900 | F98: =(E98*B98*0.395) -> 426.6 | G98: * peso/metro de 0,6395 Kg
F99: =E99*B99*0.395 -> 0
A100: Armação 5 mm (Kg) | B100: 36 | E100: 36 | F100: =E100*B100*0.155-1.08 -> 199.8 | G100: * peso/metro de 0,155 Kg
A102: Armação de 12,5 mm (Kg) | B102: 7 | E102: 8 | F102: =(E102*B102*0.963*1.1)-0.03 -> 59.2908 | G102: * peso/metro de 0,963 Kg
A103: Armação de 10,0 mm (Kg) | B103: 180 | F103: =180*7.4/12 -> 111 | G103: * peso/metro de 0,617 Kg
A104: Concreto (m³) | B104: 36 | C104: 7 | D104: 0.18 | F104: =B104*C104*D104 -> 45.36
A105: Carga e Descarga (T) | E105: =F104 -> 45.36 | F105: =E105*2.5 -> 113.4 | G105: * peso de 2,5 t/m³
A106: Trasnporte rodovia natural | B106: 24 | E106: =F105 -> 113.4 | F106: =E106*B106 -> 2721.6 | G106: *DMT de 24 Km
A107: Trasnporte rodovia pav | B107: 48 | E107: =F105 -> 113.4 | F107: =E107*B107 -> 5443.2 | G107: *DMT de 48 Km
A109: VIGAS TRANSVERSINAS
A111: Descrição | B111: Comprimento | C111: Largura | D111: Altura | E111: Quantidade | F111: Total
B112: (m) | C112: (m) | D112: (m)
A113: Fabricação de forma (m²) | B113: 22 | D113: 0.7 | E113: 4 | F113: =B113*D113*E113 -> 61.6
A114: Montagem de forma (m²) | B114: 22 | D114: 0.7 | E114: 4 | F114: =B114*D114*E114 -> 61.6
A115: Armação 8 mm (Kg) | B115: 6.25 | E115: 8 | F115: =(E115*B115*0.395) -> 19.75
B116: 12.5 | E116: 16 | F116: =(E116*B116*0.395) -> 79
B117: 1 | E117: 300 | F117: =(E117*B117*0.395) -> 118.5 | G117: * peso/metro de 0,395 Kg
A118: Concreto (m³) | B118: 15 | C118: 0.3 | D118: 0.7 | E118: 2 | F118: =B118*C118*D118*E118 -> 6.3
B119: 7 | C119: 0.7 | D119: 0.7 | E119: 2 | F119: =B119*C119*D119*E119 -> 6.86
A120: Carga e Descarga (T) | E120: =F118+F119 -> 13.16 | F120: =E120*2.5 -> 32.9 | G120: * peso de 2,5 t/m³
A121: Trasnporte rodovia natural | B121: 24 | E121: =F120 -> 32.9 | F121: =E121*B121 -> 789.6 | G121: *DMT de 24 Km
...
